 Dungeon Crawl Stone Soup version 0.30-a0-6-g7c9e10e132 (webtiles) character file.

Game seed: 4519845739657565618

443 SensoryNuts the Chopper (level 6, -5/48 HPs)
             Began as a Demonspawn Fighter on Aug 22, 2022.
             Killed by divine providence
             ... invoked by an orc priest
              (15 damage)
             ... on level 4 of the Dungeon.
             The game lasted 00:04:18 (3297 turns).

SensoryNuts the Chopper (Demonspawn Fighter)        Turns: 3297, Time: 00:04:19

Health: -5/48      AC: 11    Str: 16 (18) XL:     6   Next: 71%
Magic:  6/6        EV:  4    Int: 13 (14) God:
Gold:   229        SH:  4    Dex: 11 (12) Spells: 5/5 levels left

rFire   + . .      SeeInvis .    a - +1 war axe
rCold   . . .      Faith    .    c - +0 buckler
rNeg    . . .      Spirit   .    g - +0 plate armour
rPois   .          Reflect  .    (no helmet)
rElec   .          Harm     .    (no cloak)
rCorr   .          Rampage  .    (no gloves)
Will    +....      Rage     3%   (no boots)
Stlth   ..........               (no amulet)
HPRegen 0.16/turn                (no ring)
MPRegen 0.10/turn                (no ring)

@: mighty
A: powered by death 1, spiny 2, big brain 2, berserk 1, deterioration 1, fire
resistance 1, strong-willed 1
a: no special abilities


You were on level 4 of the Dungeon.
You visited 1 branch of the dungeon, and saw 5 of its levels.

You collected 229 gold pieces.

Inventory:

Hand Weapons
 a - a +1 war axe (weapon)
Armour
 b - a +0 scale mail
 c - a +0 buckler (worn)
 g - a +0 plate armour (worn)
 j - +0 steam dragon scales
Jewellery
 i - an amulet of the acrobat
Wands
 l - a wand of polymorph (8)
 m - a wand of light (7)
Scrolls
 f - 2 scrolls of teleportation
Potions
 e - 3 potions of haste
 h - 2 potions of brilliance


   Skills:
 + Level 3.7 Fighting
 * Level 5.3 Axes
 + Level 3.1 Armour
 + Level 1.4 Dodging
 + Level 1.0 Stealth
 + Level 3.2 Shields


You had 5 spell levels left.
You didn't know any spells.
Your spell library contained the following spells:

 Spells                   Type           Power      Damage    Failure   Level
 Summon Small Mammal      Summ           0%         N/A       100%        1
 Call Canine Familiar     Summ           0%         N/A       100%        3
 Summon Guardian Golem    Hex/Summ       0%         N/A       100%        3


Dungeon Overview and Level Annotations

Branches:
Dungeon (5/15)
 Temple: D:4-7

Altars:
Gozag


Innate Abilities, Weirdness & Mutations

You regenerate a little health from kills.
You are mostly covered in sharp spines.
You have an extremely huge brain. (Int +4)
You sometimes lose your temper in combat.
Your body sometimes deteriorates upon taking damage.
Your flesh is heat resistant. (rF+)
You are strong-willed. (Will+)


Message History

There is an open door, spattered with blood here.
The orc blocks your attack.
The orc is heavily wounded.
The orc priest shouts!
You hit the orc but do no damage. The orc hits you with a +0 trident.
Your body deteriorates!
You feel clumsy. The orc is struck by your spines.
You kill the orc!
You are too injured to fight recklessly!
Unknown command.
You are too injured to fight recklessly!
You are too injured to fight recklessly!
You are too injured to fight recklessly!
You barely miss the orc.
The orc is heavily wounded.
The orc hits you with a +0 trident.
You hit the orc.
You kill the orc!
The orc priest looks encouraged for a moment.
The orc hits you with a +0 flail.
Your body deteriorates!
You feel dopey.
You barely miss the orc. The orc is struck by your spines.
The orc hits you with a +0 flail!
* * * LOW HITPOINT WARNING * * *
You barely miss the orc.
The orc is heavily wounded.
You barely miss the orc priest. You block the orc's attack.
The orc priest is struck by your spines.
The orc priest hits you but does no damage.
Unknown command.
You feel very mighty all of a sudden.
You hit the orc priest.
The orc priest is severely wounded.
You slash the orc!
You kill the orc!
The orc priest hits you with a +0 club.
* * * LOW HITPOINT WARNING * * *
The orc priest calls down the wrath of Beogh upon you.
Beogh smites you!
You die...

......#......#..########.....
......#......##..............
......#......#####....##.....
.... ######.# #.......<...
###'#########......#
#...).....# #......#
#.........# ########
#.........# #..@)......
###o####... ......ZZ# ...
........# ## ........#
....##... .... #... ### #...
.....


You could see an orc priest and 2 kobold skeletons.

Vanquished Creatures
  A water moccasin (D:5)
  A phantom (D:4)
  A howler monkey (D:4)
  2 jellies (D:4)
  An iguana (D:4)
  An orc wizard (D:4)
  5 adders
  A worm (D:3)
  A dart slug (D:1)
  9 orcs
  6 ball pythons
  4 endoplasms
  2 giant cockroaches
  8 goblins
  3 hobgoblins
  5 kobolds
  2 quokkas
  A bat (D:1)
  6 frilled lizards
  6 rats
66 creatures vanquished.

Notes
Turn   | Place    | Note
-------+----------+-------------------------------------------
     0 | D:1      | SensoryNuts the Demonspawn Fighter began the quest for the
                  | Orb.
     0 | D:1      | Reached XP level 1. HP: 18/18 MP: 1/1
   269 | D:1      | Gained mutation: You are partially covered in sharp spines.
                  | [demonic ancestry]
   269 | D:1      | Reached XP level 2. HP: 24/24 MP: 2/2
   275 | D:1      | Reached skill level 2 in Axes
   368 | D:1      | Found a faded altar of an unknown god.
  1034 | D:2      | Gained mutation: You have an unusually large brain. (Int
                  | +2) [demonic ancestry]
  1034 | D:2      | Reached XP level 3. HP: 29/29 MP: 3/3
  1447 | D:2      | Gained mutation: You are strong-willed. (Will+) [potion of
                  | mutation]
  1447 | D:2      | Gained mutation: You sometimes lose your temper in combat.
                  | [potion of mutation]
  1447 | D:2      | Gained mutation: Your body sometimes deteriorates upon
                  | taking damage. [potion of mutation]
  1447 | D:2      | Gained mutation: Your flesh is heat resistant. (rF+)
                  | [potion of mutation]
  1510 | D:3      | Reached skill level 3 in Axes
  1658 | D:3      | Gained mutation: You have an extremely huge brain. (Int +4)
                  | [demonic ancestry]
  1658 | D:3      | Reached XP level 4. HP: 26/35 MP: 4/4
  1958 | D:3      | You fall into a shaft and drop 2 floors!
  1958 | D:5      | Entered Level 5 of the Dungeon
  2002 | D:5      | Noticed a water moccasin
  2015 | D:5      | Killed a water moccasin
  2016 | D:5      | Reached skill level 4 in Axes
  2016 | D:5      | Gained mutation: You are mostly covered in sharp spines.
                  | [demonic ancestry]
  2016 | D:5      | Reached XP level 5. HP: 11/41 MP: 5/5
  2242 | D:5      | Noticed a sky beast
  2277 | D:3      | Reached skill level 1 in Dodging
  2898 | D:4      | Found an opulent altar of Gozag.
  2937 | D:4      | Noticed a phantom
  2948 | D:4      | Killed a phantom
  2949 | D:4      | Gained mutation: You regenerate a little health from kills.
                  | [demonic ancestry]
  2949 | D:4      | Reached XP level 6. HP: 41/47 MP: 6/6
  2951 | D:4      | Reached skill level 5 in Axes
  3276 | D:4      | Reached skill level 1 in Stealth
  3297 | D:4      | Killed from afar by an orc priest

Illustrated notes

Levels and vault maps discovered:
D:1:      minmay_arrival_nine_rooms, layout_rooms, ebering_ecumenical_altar_mist
D:2:      layout_rooms, basic_altar, dk_vineyard_2
D:3:      layout_loops_ring
D:4:      kennysheep_big_flooded_room, layout_basic,
          nicolae_tso_besieged_by_evil, nicolae_gozag_seed_capital
D:5:      gammafunk_wand_slinger, layout_layer_cave,
          minmay_misc_feat_four_crosses, kennysheep_small_spiral

Skill      XL: |  1  2  3  4  5  6 |
---------------+-------------------+-----
Axes           | 2 3 4 5 |  5.3
Shields        | 3 |  3.2
Armour         | 3 |  3.1
Dodging        | 1 |  1.4
Stealth        | 1 |  1.0
Fighting       | |  3.7

Action                   |  1- 3 |  4- 6 || total
-------------------------+-------+-------++-------
Melee: War axe           |    80 |    57 ||   137
  Use: Potion            |     7 |     6 ||    13
       Scroll            |     5 |     2 ||     7
 Stab: Invisible         |       |     1 ||     1
Armor: Scale mail        |    26 |       ||    26
       Steam dragon scal |    13 |     8 ||    21
       Plate armour      |       |    15 ||    15
Dodge: Dodged            |    27 |    19 ||    46
Block: Buckler           |    17 |    12 ||    29

Table legend: (Time is in decaauts)
 A = Elapsed time spent in this place.
 B = Non-inter-level travel time spent in this place.
 C = Inter-level travel time spent in this place.
 D = Time resting spent in this place.
 E = Time spent auto-exploring this place.
 F = Levels seen in this place.
 G = Mean time per level.
                   A        B        C        D        E       F      G
               +--------+--------+--------+--------+--------+-----+--------+
         Total |   3350 |   3308 |     42 |    204 |   2606 |   5 |  670.0 |
       Dungeon |   3350 |   3308 |     42 |    204 |   2606 |   5 |  670.0 |
               +--------+--------+--------+--------+--------+-----+--------+

Top non-repeatable levels by time:
     D:3: 1024 daAuts
     D:1: 768 daAuts
     D:2: 753 daAuts
     D:4: 499 daAuts
     D:5: 303 daAuts
